cohdb
Replays
Latest Replays
All Replays
Popular Replays
Top Player Replays
Match Explorer
How It Works
Community
CoH3 Stats
Reddit
Sign in to upload your games and track your stats! →
Sign in with Steam
Match 28136263
Unlisted
Match 28136263
Overview
Messages
Build Orders
End
Selects Italian Coastal Battlegroup
Selects Coastal Reserves
Coastal Reserve
Kettenkrad Recon Vehicle
Construct Infanterie Kompanie
MG 42 Machine Gun Team
Construct Panzergrenadier Kompanie
Medical Bunker
Support Elements
Panzergrenadier Squad
MG 42 Bunker
Coastal Reserve
251 Medium Carrier
Selects Artillery Officer
Medical Bunker
Selects Artillery Officer
Construct Panzer Kompanie
MG 42 Bunker
Selects Obice da 210/22 Artillery Emplacement
Stoßtruppen Squad
Sturmpanzer IV Brummbär
Pioneer Squad
Kettenkrad Recon Vehicle
Selects Support Bunkers
Selects Rapid Fortifications
Medical Bunker
Pak 40 Anti-tank Gun Team
Pak 40 Anti-tank Gun Team
Panzer IV Medium Tank
Selects Bulwark
Rapid Fortifications
Medical Bunker
MG 42 Bunker
Panzer IV Medium Tank
Kettenkrad Recon Vehicle
MG 42 Machine Gun Team
Sturmpanzer IV Brummbär
Pak 40 Anti-tank Gun Team
MG 42 Machine Gun Team
Pioneer Squad
Repair Bunker
Construct Luftwaffe Kompanie
Mangelmutant
seanu23
Major-Chaos
Pilot2122
DocMayou
dinamix.fr
seb
Onderbroek
0
0
Comments
sign in to comment!
No comments posted yet!